 Seeded DCSS version 0.30.1-4-g462c640d31 (webtiles) character file.

Game seed: 16653573533833982129 (custom seed)

21 Psyclone the Stinger (level 2, -5/17 HPs)
             Began as an Octopode Venom Mage on Sept 18, 2023.
             Slain by Sigmund
             ... wielding a +0 scythe
              (13 damage)
             ... on level 3 of the Dungeon.
             The game lasted 00:02:58 (547 turns).

Psyclone the Stinger (Octopode Venom Mage)           Turns: 547, Time: 00:02:58

Health: -5/17      AC:  1    Str:  7    XL:     2   Next: 87%
Magic:  1/5        EV: 13    Int: 17    God:
Gold:   12         SH:  0    Dex: 12    Spells: 2/5 levels left

rFire   . . .        (no weapon)
rCold   . . .        (no shield)
rNeg    . . .        (helmet restricted)
rPois   .            (no amulet)
rElec   .            (no ring)
rCorr   .            (no ring)
SInv    .            (no ring)
Will    .....        (no ring)
Stlth   +++          (no ring)
HPRegen 0.22/turn    (no ring)
MPRegen 0.09/turn    (no ring)
                     (no ring)

%: no passive effects
@: no status effects
A: almost no armour, amphibious, 8 rings, camouflage 1, gelatinous body 1,
(nimble swimmer 1), tentacles
a: no special abilities


You were on level 3 of the Dungeon.
You visited 1 branch of the dungeon, and saw 3 of its levels.

You collected 12 gold pieces.

Inventory:

Scrolls
 b - a scroll of butterflies {unknown}
 d - a scroll of identify {unknown}
 f - a scroll of magic mapping {unknown}
Potions
 a - a potion of magic
 c - a potion of ambrosia {unknown}
 e - a potion of might {unknown}
 g - a potion of invisibility {unknown}


   Skills:
 + Level 2.2 Dodging
 + Level 3.1 Stealth
 + Level 2.2 Spellcasting
 + Level 1.4 Transmutations
 + Level 3.9 Poison Magic


You had 2 spell levels left.
You knew the following spells:

 Your Spells              Type           Power      Damage    Failure   Level
a - Sting                 Tmut/Pois      44%        1d5       6%          1
v - Poisonous Vapours     Pois/Air       16%        N/A       13%         2

Your spell library contained the following spells:

 Spells                   Type           Power      Damage    Failure   Level
 Spider Form              Tmut/Pois      11%        N/A       19%         3
 Ignite Poison            Fire/Tmut/Pois 7%         N/A       26%         3
 Mephitic Cloud           Conj/Pois/Air  6%         N/A       32%         3
 Olgreb's Toxic Radiance  Pois           15%        N/A       36%         4
 Inner Flame              Hex/Fire       1%         N/A       50%         3
 Summon Guardian Golem    Hex/Summ       1%         N/A       50%         3
 Tukima's Dance           Hex            1%         N/A       50%         3
 Cause Fear               Hex            0%         N/A       88%         4
 Leda's Liquefaction      Hex/Erth       0%         N/A       88%         4


Dungeon Overview and Level Annotations

Branches:
Dungeon (3/15) Zot: 17452

Altars:

Annotations:
D:2 Natasha
D:3 Sigmund


Innate Abilities, Weirdness & Mutations

You cannot wear most types of armour.
You are amphibious.
You can wear up to eight rings at the same time.
Your skin changes colour to match your surroundings (Stealth+).
Your rubbery body absorbs attacks. (AC +1, EV +1)
((You are camouflaged when in or above water. (Stealth+)))
You have tentacles for arms and can constrict up to eight enemies at once.


Message History

You constrict Sigmund, but do no damage.
Casting: Sting (safe; 6% risk of failure)
Confirm with . or Enter, or press ? or * to list all spells.
Aiming: Sting (safe; 6% risk of failure)
Press: ? - help, Shift-Dir - straight line, f - Sigmund
Aim: Sigmund, wielding a +0 scythe and wearing a +0 robe (constricted by you, 100% to hit)
The sting hits Sigmund.
Sigmund is poisoned.
Sigmund is lightly wounded.
You constrict Sigmund, but do no damage.
Sigmund hits you with a +0 scythe.
You take 5 damage, and have 8/17 hp.
MASSIVE DAMAGE!!
You now have 4/5 mp.
Casting: Sting (safe; 6% risk of failure)
Confirm with . or Enter, or press ? or * to list all spells.
Aiming: Sting (safe; 6% risk of failure)
Press: ? - help, Shift-Dir - straight line, f/p - Sigmund
Aim: Sigmund, wielding a +0 scythe and wearing a +0 robe (lightly wounded, constricted by you, poisoned, 100% to hit)
The sting hits Sigmund but does no damage.
Sigmund looks even sicker.
Sigmund is lightly wounded.
You constrict Sigmund. Sigmund completely misses you.
You now have 3/5 mp.
Casting: Sting (safe; 6% risk of failure)
Confirm with . or Enter, or press ? or * to list all spells.
Aiming: Sting (safe; 6% risk of failure)
Press: ? - help, Shift-Dir - straight line, f/p - Sigmund
Aim: Sigmund, wielding a +0 scythe and wearing a +0 robe (lightly wounded, constricted by you, very poisoned, 100% to hit)
The sting hits Sigmund.
Sigmund looks even sicker.
Sigmund is lightly wounded.
You constrict Sigmund.
You now have 2/5 mp.
Casting: Sting (safe; 6% risk of failure)
Confirm with . or Enter, or press ? or * to list all spells.
Aiming: Sting (safe; 6% risk of failure)
Press: ? - help, Shift-Dir - straight line, f/p - Sigmund
Aim: Sigmund, wielding a +0 scythe and wearing a +0 robe (lightly wounded, constricted by you, very poisoned, 100% to hit)
The sting hits Sigmund.
Sigmund looks as sick as possible!
Sigmund is moderately wounded.
You constrict Sigmund. Sigmund hits you with a +0 scythe!
Ouch! That really hurt!
You die...

### ##.# #..#
#.#### #@##.##
##.###@#...####
.............<.+
....###.....####
.# ####.## #.#
#.# #@# #+#
###.# #.#


You could see Sigmund (extremely poisoned).

Vanquished Creatures
  A dart slug (D:3)
  An orc (D:3)
  4 endoplasms
  2 hobgoblins
  4 jackals (D:1)
  2 frilled lizards (D:1)
  2 rats
16 creatures vanquished.

Notes
Turn   | Place    | Note
-------+----------+-------------------------------------------
     0 | D:1      | Psyclone the Octopode Venom Mage began the quest for the
                  | Orb.
     0 | D:1      | Reached XP level 1. HP: 11/11 MP: 3/3
   158 | D:1      | Identified a scroll of acquirement
   158 | D:1      | Acquired the Handbook of the Cursed Coward
   263 | D:1      | Reached XP level 2. HP: 17/17 MP: 3/5
   286 | D:1      | Learned a level 2 spell: Poisonous Vapours
   396 | D:2      | Noticed Natasha
   490 | D:3      | Noticed Sigmund
   520 | D:3      | Found a faded altar of an unknown god.
   547 | D:3      | Slain by Sigmund

Illustrated notes

Levels and vault maps discovered:
D:1:      dpeg_arrival_tiny_k, layout_loops_ring, minmay_hexomino_c4
D:2:      layout_basic, serial_shops, shop, minmay_joined_circles, uniq_natasha,
          uniq_terence
D:3:      layout_loops_corners, chequers_ecumenical_altar_simple,
          nicolae_half_adder, uniq_crazy_yiuf_cottage, uniq_sigmund

Skill      XL: |  1  2 |
---------------+-------+-----
Stealth        | 3 |  3.1
Dodging        | |  2.2
Spellcasting   | |  2.2
Transmutations | |  1.4
Poison Magic   | |  3.9

Action                     || total
---------------------------++-------
  Melee: Unarmed           ||    26
         Constrict         ||     7
         Tentacles         ||     4
   Cast: Sting             ||    26
    Use: Scroll            ||     1
   Stab: Sleeping          ||     2
 Armour: Skin              ||     2
  Dodge: Dodged            ||    23
